 Dungeon Crawl Stone Soup version 0.24.0-7-gb3623d2c88 (webtiles) character file.

Game seed: 13705936221004908201, levelgen mode: deterministic

330 opiumtea the Conjurer (level 6, -5/36 HPs)
             Began as an Octopode Conjurer on Nov 2, 2019.
             Was an Initiate of Ashenzari.
             Shot with an arrow by a centaur (10 damage)
             ... on level 5 of the Dungeon.
             The game lasted 00:18:53 (6136 turns).

opiumtea the Conjurer (Octopode Conjurer)           Turns: 6136, Time: 00:18:54

Health: -5/36      AC:  1    Str:  7    XL:     6   Next: 51%
Magic:  11/11      EV: 13    Int: 25    God:    Ashenzari [......]
Gold:   124        SH:  0    Dex: 14    Spells: 2/12 levels left

rFire    . . .     SeeInvis .   b - +2 mace (protect)
rCold    . . .     Gourm    .   (no shield)
rNeg     . . .     Faith    .   (helmet restricted)
rPois    .         Spirit   .   (no amulet)
rElec    .         Reflect  .   h - +2 ring of dexterity
rCorr    +         Harm     .   j - ring of flight
MR       .....                  v - ring of resist corrosion (curse)
Stlth    +++.......             (no ring)
HPRegen  0.12/turn              (no ring)
MPRegen  0.12/turn              (no ring)
                                (no ring)
                                (no ring)

@: brilliant
A: almost no armour, stealthy swim, amphibious, 8 rings, constrict 8, camouflage
1, gelatinous body 1
a: Curse Item, Renounce Religion, Evoke Flight


You were on level 5 of the Dungeon.
You worshipped Ashenzari.
Ashenzari was noncommittal.
You were not hungry.

You visited 2 branches of the dungeon, and saw 6 of its levels.

You collected 124 gold pieces.

Inventory:

Hand Weapons
 a - a +0 hand axe of electrocution
 b - a +2 mace of protection (weapon)
 r - a +0 war axe
Missiles
 f - 84 stones (quivered)
Jewellery
 h - a +2 ring of dexterity (left tentacle)
 j - a ring of flight (right tentacle)
 v - a cursed ring of resist corrosion (on tentacle)
Wands
 x - a wand of acid (9)
Scrolls
 i - a scroll of amnesia {unknown}
 m - 2 scrolls of noise
 o - a scroll of fear {unknown}
 p - a scroll of enchant weapon {unknown}
 t - 3 scrolls of teleportation
 w - a scroll of magic mapping {unknown}
 y - a scroll of remove curse
Potions
 c - 2 potions of agility
 e - a potion of heal wounds {unknown}
 g - a potion of cancellation {unknown}
 k - a potion of curing
 n - 2 potions of magic
 q - 2 potions of haste
 s - a potion of degeneration {unknown}
 u - a potion of brilliance
Comestibles
 d - 6 rations
 z - a chunk of flesh


   Skills:
 - Level 2.0 Dodging
 - Level 2.6 Stealth
 - Level 3.9 Spellcasting
 + Level 5.0 Conjurations
 * Level 4.0 Hexes


You had 2 spell levels left.
You knew the following spells:

 Your Spells              Type           Power        Failure   Level  Hunger
a - Magic Dart            Conj           ####         1%          1    None
b - Searing Ray           Conj           #####.       1%          2    #......
c - Dazzling Spray        Conj/Hex       #####.       1%          3    ##.....
d - Fulminant Prism       Conj/Hex       #####.....   1%          4    ####...

Your spell library contained the following spells:

 Spells                   Type           Power        Failure   Level  Hunger
 Iskenderun's Mystic Bla  Conj           #####...     1%          4    ####...
 Force Lance              Conj/Tloc      ####....     4%          4    ####...


Dungeon Overview and Level Annotations

Branches:
Dungeon (5/15)             Temple (1/1) D:4

Altars:
Ashenzari
Cheibriados
Dithmenos
Elyvilon
Fedhas
Gozag
Hepliaklqana
Makhleb
Nemelex Xobeh
Qazlal
Sif Muna
Uskayaw
Vehumet
Wu Jian
Yredelemnul
Zin

Annotations:
D:4 exclusion: phantom


Innate Abilities, Weirdness & Mutations

You cannot wear most types of armour.
You are very stealthy in the water. (Stealth+)
You are amphibious.
You can wear up to eight rings at the same time.
You can use your tentacles to constrict eight enemies at once.
Your skin changes colour to match your surroundings (Stealth+).
Your rubbery body absorbs attacks. (AC +1, EV +1)


Message History

As you read the scroll of identify, it crumbles to dust.
c - 2 potions of agility
As you read the scroll of identify, it crumbles to dust.
q - 2 potions of haste A centaur comes into view.
The centaur shouts!
The centaur wields a +0 shortbow.
The centaur shoots an arrow.
The arrow hits you!
You see here an arrow.
A centaur is nearby!
The centaur shoots an arrow.
The arrow barely misses you.
The centaur shoots an arrow.
The arrow hits you!
You see here an arrow.
The centaur shoots an arrow.
The arrow hits you!
* * * LOW HITPOINT WARNING * * *
You see here an arrow.
It was a potion of brilliance.
You feel clever all of a sudden.
The centaur shoots an arrow.
The arrow hits you!
You die...

.....# # ....# #'#..
.# ..... ###'#.##.##
..... #..........
..... #..........
..... #.......###
##### #..........
...
#.#รท###############
###
#.#...((@....c....#
#.###.###########.#
#.######### #.#
#.........# #.#
#########.# #.# #.#
#.# #.# #<# #.# #.#
#.# #.#


You could see a centaur.

Vanquished Creatures
  2 crimson imps (D:5)
  An orc priest (D:4)
  A hound (D:4)
  An orc wizard (D:4)
  3 gnolls (D:2)
  4 adders
  A shadow imp (D:5)
  An adder zombie (D:5)
  2 worms
  2 dart slugs
  A leopard gecko (D:1)
  7 orcs
  2 giant cockroaches (D:4)
  7 goblins
  6 hobgoblins
  11 jackals
  3 quokkas
  A ball python (D:4)
  10 bats
  8 frilled lizards
  5 kobolds
  A leopard gecko skeleton (D:4)
  8 rats
88 creatures vanquished.

Vanquished Creatures (others)
  2 fulminant prisms (D:5)
2 creatures vanquished.

Grand Total: 90 creatures vanquished

Notes
Turn   | Place    | Note
-------+----------+-------------------------------------------
     0 | D:1      | opiumtea the Octopode Conjurer began the quest for the Orb.
     0 | D:1      | Reached XP level 1. HP: 11/11 MP: 3/3
   285 | D:1      | Reached XP level 2. HP: 7/17 MP: 1/5
   487 | D:1      | Learned a level 2 spell: Searing Ray
  1030 | D:1      | Reached XP level 3. HP: 21/21 MP: 7/7
  1038 | D:1      | Learned a level 3 spell: Dazzling Spray
  1926 | D:2      | Reached XP level 4. HP: 27/27 MP: 2/9
  1932 | D:2      | Learned a level 4 spell: Fulminant Prism
  2267 | D:2      | Reached skill level 1 in Hexes
  3470 | D:3      | Reached XP level 5. HP: 31/31 MP: 8/10
  4080 | D:4      | Found Mikeonnary's Assorted Antiques.
  4266 | D:4      | Noticed a phantom
  4704 | D:4      | Found a staircase to the Ecumenical Temple.
  4713 | D:4      | Reached XP level 6. HP: 36/36 MP: 3/11
  4784 | Temple   | Entered the Ecumenical Temple
  4941 | Temple   | Became a worshipper of Ashenzari the Shackled
  5520 | D:5      | Entered Level 5 of the Dungeon
  5814 | D:5      | Noticed a sky beast
  6063 | D:5      | Reached skill level 5 in Conjurations
  6136 | D:5      | Shot with an arrow by a centaur

Levels and vault maps discovered:
D:1:      elethiomel_arrival_infinity_welcomes_careful_drivers, layout_rooms
D:2:      layout_basic, first_ration
D:3:      layout_basic
D:4:      layout_cave_pods, minmay_temple_entry_glassed_door, serial_shops, shop
D:5:      cheibrodos_helix_gallery, layout_basic, led_xom_imps,
          old_standard_altar, minivault_19
Temple:   eino_temple_scatter_basement

Skill      XL: |  1  2  3  4  5  6 |
---------------+-------------------+-----
Spellcasting   | 3 |  3.9
Hexes          | 1 3 4 |  4.0
Conjurations   | 5 |  5.0
Dodging        | |  2.0
Stealth        | |  2.6

Action                   |  1- 3 |  4- 6 || total
-------------------------+-------+-------++-------
Melee: Unarmed           |     2 |       ||     2
       Club              |     6 |     6 ||    12
       Tentacles         |     5 |     1 ||     6
       Constrict         |     4 |     5 ||     9
       Mace              |       |     7 ||     7
 Cast: Magic Dart        |    61 |   106 ||   167
       Searing Ray       |     4 |     8 ||    12
       Dazzling Spray    |       |     4 ||     4
       Fulminant Prism   |       |     2 ||     2
Invok: Curse Item        |       |     1 ||     1
  Use: Scroll            |       |     6 ||     6
       Potion            |       |     1 ||     1
 Stab: Sleeping          |       |     1 ||     1
  Eat: Chunk             |     3 |    11 ||    14
       Ration            |       |     1 ||     1
Armor: Skin              |     4 |     2 ||     6
Dodge: Dodged            |    17 |    23 ||    40
